 Dungeon Crawl Stone Soup version 0.22-a0-409-gb855193 (webtiles) character file.

53 Moebius the Vandal (level 4, -1/29 HPs)
             Began as a Halfling Hunter on May 10, 2018.
             Slain by Sigmund
             ... wielding a +0 scythe
              (14 damage)
             ... on level 2 of the Dungeon.
             The game lasted 00:08:00 (1267 turns).

Moebius the Vandal (Halfling Hunter)                Turns: 1267, Time: 00:08:02

Health: -1/29      AC:  3    Str: 10 (13) XL:     4   Next: 10%
Magic:  4/4        EV: 14    Int:  7 (9)  God:
Gold:   32         SH:  0    Dex: 13 (15) Spells: 3/3 levels left

rFire    . . .     SeeInvis .   a - +1 hunting sling
rCold    . . .     Gourm    .   (shield restricted)
rNeg     . . .     Faith    .   c - +0 leather armour
rPois    .         Spirit   .   (no helmet)
rElec    .         Reflect  .   (no cloak)
rCorr    .         Harm     .   (no gloves)
MR       .....                  (no boots)
Stlth    +.........             (no amulet)
HPRegen  0.09/turn              (no ring)
MPRegen  0.09/turn              (no ring)

@: no status effects
A: small, mutation resistance 1
a: no special abilities


You were on level 2 of the Dungeon.
You were very hungry.

You visited 1 branch of the dungeon, and saw 2 of its levels.

You collected 32 gold pieces.

Inventory:

Hand Weapons
 a - a +1 hunting sling (weapon)
 b - a +0 short sword
 q - a +2 dagger of holy wrath
Missiles
 d - 10 sling bullets (quivered)
 e - 15 tomahawks
 m - 4 arrows
 p - 53 stones
Armour
 c - a +0 leather armour (worn)
Jewellery
 o - a +5 ring of dexterity {unknown}
Scrolls
 g - a scroll of identify {unknown}
 i - a scroll of teleportation {unknown}
 j - a scroll of fear {unknown}
 l - a scroll of enchant armour {unknown}
 r - a scroll of remove curse {unknown}
Potions
 h - a potion of curing
Comestibles
 f - 2 rations
 k - 2 chunks of flesh


   Skills:
 + Level 2.0 Fighting
 + Level 0.3 Short Blades
 + Level 7.2(7.3) Slings
 + Level 0.5(3.1) Throwing
 + Level 2.5 Dodging
 - Level 1.1 Stealth


You had 3 spell levels left.
You didn't know any spells.

Dungeon Overview and Level Annotations

Branches:
Dungeon (2/15)

Altars:

Annotations:
D:2 Jessica, Sigmund


Innate Abilities, Weirdness & Mutations

You are small and have problems with some larger weapons.
You are somewhat resistant to further mutation.


Message History

Press: ? - help, Shift-Dir - straight line, f/p - hobgoblin
Aim: a hobgoblin You shoot a sling bullet.
The sling bullet hits the hobgoblin!
You kill the hobgoblin!
There is a stone staircase leading up, spattered with blood here.
Firing (i - inventory. (/) - cycle)
d - 12 sling bullets (quivered)
Press: ? - help, Shift-Dir - straight line, f - quokka
Aim: a quokka You shoot a sling bullet.
The sling bullet misses the quokka.
The quokka twitches its whiskers.
The quokka bites you.
You are too injured to fight recklessly!
You are too injured to fight recklessly!
Firing (i - inventory. (/) - cycle)
d - 11 sling bullets (quivered)
Press: ? - help, Shift-Dir - straight line, f/p - quokka
Aim: a quokka You shoot a sling bullet.
The sling bullet hits the quokka.
You kill the quokka!
Something hits you!
You die...

.###...# .@.....# #..
.####{.# #.# ## ##.#
#.# # #.# #.# # #.#
#.# #
#.#######.####### #
#.@r..r...#.....#
.........##.#..#@....#
.........#....((.....#
.........#..#..#.....#
.$##.r.......(.#.<...#
# #........###.#######
........... ..#
.#........# ### $..#


There were no monsters in sight!

Vanquished Creatures
  A worm (D:1)
  3 dart slugs (D:1)
  A leopard gecko (D:1)
  A ball python (D:1)
  A giant cockroach (D:1)
  6 goblins (D:1)
  6 hobgoblins
  7 jackals (D:1)
  5 kobolds (D:1)
  A quokka (D:2)
  A bat (D:2)
  A frilled lizard (D:2)
  3 rats
  A fungus (D:1)
38 creatures vanquished.

Notes
Turn   | Place    | Note
-------+----------+-------------------------------------------
     0 | D:1      | Moebius the Halfling Hunter began the quest for the Orb.
     0 | D:1      | Reached XP level 1. HP: 14/14 MP: 1/1
   182 | D:1      | Reached skill level 6 in Slings
   240 | D:1      | Reached XP level 2. HP: 18/19 MP: 2/2
   425 | D:1      | Reached XP level 3. HP: 23/24 MP: 3/3
   465 | D:1      | Reached skill level 7 in Slings
  1062 | D:1      | Reached XP level 4. HP: 26/29 MP: 4/4
  1226 | D:2      | Noticed Jessica
  1232 | D:2      | Noticed Sigmund
  1267 | D:2      | Slain by Sigmund

Vault maps used:
D:1:      dpeg_cavernosity, st_stairs_13
D:2:      uniq_sigmund, uniq_jessica

Skill      XL: |  1  2  3 |
---------------+----------+-----
Slings         | 6 7 |  7.2
Fighting       | 2 |  2.0
Short Blades   | |  0.3
Throwing       | |  0.5
Dodging        | |  2.5
Stealth        | |  1.1

Action                   |  1- 3 |  4- 6 || total
-------------------------+-------+-------++-------
Melee: Short sword       |    41 |       ||    41
       Dagger            |    43 |    31 ||    74
 Fire: Hunting sling     |    22 |     7 ||    29
Throw: Tomahawk          |    19 |       ||    19
  Use: Potion            |     4 |       ||     4
 Stab: Sleeping          |     1 |       ||     1
Armor: Leather armour    |     8 |    13 ||    21
Dodge: Dodged            |    52 |    33 ||    85

Table legend:
 A = Spawn XP
 B = Non-spawn XP
 C = Spawn XP percentage of total XP
 D = Spawn monster count
 E = Non-spawn monster count
 F = Spawn count percentage of total count
 G = Total turns spent on level
                    A         B        C        D         E        F      G
               +---------+---------+-------+---------+---------+-------+---------
         Total |       0 |      76 |   0.0 |       0 |      37 |   0.0 |  1267
               +---------+---------+-------+---------+---------+-------+---------
           D:1 |       0 |      69 |   0.0 |       0 |      32 |   0.0 |  1204
           D:2 |       0 |       7 |   0.0 |       0 |       5 |   0.0 |    63
               +---------+---------+-------+---------+---------+-------+---------
